 Dungeon Sprint DCSS version 0.19.1 (console) character file.

9800000 Morrissey the Axe Maniac (level 27, -16/270 (273) HPs)
             Began as a Centaur Warper on Dec 23, 2016.
             Was the Champion of Makhleb.
             Killed by the air
             ... invoked by a tyrant
              (38 damage)
             ... in the Dungeon (Sprint VIII: "Arena of Blood").
             The game lasted 00:04:55 (98 turns).

Morrissey the Axe Maniac (Centaur Warper)             Turns: 98, Time: 00:04:55

HP:   -16/270 (273) AC:  8    Str: 18    XL:     27
MP:   22/54         EV: 30    Int: 12    God:    Makhleb [******]
Gold: 0             SH:  0    Dex: 18    Spells: 0 memorised, 80 levels left

rFire  . . .     SeeInvis .     k - +∞ Axe of Woe
rCold  . . .     Gourm    .     a - +0 leather armour
rNeg   . . .     Faith    .     (shield currently unavailable)
rPois  .         Spirit   .     (no helmet)
rElec  .         Reflect  .     (no cloak)
rCorr  .         Harm     .     (no gloves)
MR     ++...     NoTele   +     (no barding)
Stlth  +++++++++.               (no amulet)
                                (no ring)
                                (no ring)

@: slowed
A: hooves 3, deformed body, speed 2, tough skin 3
a: Minor Destruction, Lesser Servant of Makhleb, Major Destruction, Greater
Servant of Makhleb, Renounce Religion


You were in the Dungeon.
You worshipped Makhleb.
Makhleb was exalted by your worship.
You were not hungry.

You visited 1 branch

Inventory:

Hand Weapons
 k - the +∞ Axe of Woe (weapon)
   (You found it in the Dungeon)
Missiles
 d - 5 tomahawks of dispersal (quivered)
Armour
 a - a +0 leather armour (worn)
Scrolls
 c - 2 scrolls of blinking
Potions
 e - a potion of curing
 g - a potion of heal wounds
 h - a potion of haste
 i - 2 potions of magic
 j - a potion of berserk rage
Books
 b - a book of Spatial Translocations

   Spells                             Type                      Level
   a - Blink                          Translocation                2
   b - Shroud of Golubria             Charms/Translocation         2
   c - Lesser Beckoning               Translocation                3
   d - Portal Projectile              Translocation                3
   e - Teleport Other                 Translocation                3
   f - Passage of Golubria            Translocation                4
Comestibles
 f - a bread ration


   Skills:
 O Level 27 Fighting
 O Level 27 Axes
 O Level 27 Throwing
 O Level 27 Armour
 O Level 27 Dodging
 O Level 27 Stealth
 O Level 27 Unarmed Combat
 O Level 27 Spellcasting
   Level 2.6 Translocations
 O Level 27 Invocations


You had 80 spell levels left.
You didn't know any spells.

Dungeon Overview and Level Annotations

Branches:
Dungeon (1/1)

Altars:
Makhleb


Innate Abilities, Weirdness & Mutations

You have hooves in place of feet.
Armour fits poorly on your strangely shaped body.
You cover ground very quickly.
You have extremely tough skin. (AC +3)


Message History

You slice the large bag of meat!!
You pulverise the large bag of meat into a thin bloody mist.
The large bag of meat explodes!
The fiery explosion engulfs the bag of meat.
The bag of meat dies!
The fiery explosion engulfs you!
* * * LOW HITPOINT WARNING * * *
Makhleb accepts your kill.
You are engulfed in roaring flames.
* * * LOW HITPOINT WARNING * * *
You hear a shout!
You hear a trumpeting!
You hear a shout! x5
You feel something staring at you. Something smites you!
* * * LOW HITPOINT WARNING * * *
You hear a shout! x2; You feel something staring at you.
Something smites you!
* * * LOW HITPOINT WARNING * * *
The tyrant waves its bony arms in wide circles.
The air twists around and strikes you!
You die...

.......#x%§o)#.......#.#.
.......#_.<)_#%...M......
.....))#%...)#.)))o.#.#.#
.#.o)xX.X._..D§§))M......
..o.).)..###.o.o§)).o#.#.
....###.......###))o.....
.... #.......#.oDo{.....
.... #.......#.o)L......
.... ........§§@))M..o.%
#.. .........§§))#C..#..
.. ..........§§.#....# .
..........%.##..o..#
...#......DO#. ....#..
..... .###o... .... X.
..#. .... X. ..


You could see 3 accurseds, a tyrant, 2 eight-headed meat hydras, a large bag of
meat (inner flame), 2 large abominations, a meat berserker (berserk) and 9 bags
of meat.

Vanquished Creatures
  6 hell beasts (D)
  3 greater mummies (D)
  2 wraiths (D)
  Harold (D)
  17 vampire knights (D)
  31 ogres (D)
  A lich (D)
  75 orcs (D)
  5 phantoms (D)
  6 hill giants (D)
  4 skeletal warriors (D)
  4 large abominations (D)
  10 small abominations (D)
  10 crawling corpses (D)
175 creatures vanquished.

Vanquished Creatures (others)
  3 orcs (D)
  14 crawling corpses (D)
17 creatures vanquished.

Grand Total: 192 creatures vanquished

Notes
Turn   | Place    | Note
-------+----------+-------------------------------------------
     0 | D        | Morrissey the Centaur Warper began the quest for the Orb.
     0 | D        | Reached XP level 1. HP: 17/17 MP: 3/3
     3 | D        | Noticed a bag of meat
     3 | D        | Noticed a bag of meat
     4 | D        | Became a worshipper of Makhleb the Destroyer
     5 | D        | Noticed a bag of meat
     7 | D        | Noticed a bag of meat
     8 | D        | Noticed a bag of meat
     9 | D        | Noticed a bag of meat
     9 | D        | Noticed a bag of meat
    10 | D        | Noticed a bag of meat
    10 | D        | Noticed a bag of meat
    11 | D        | Noticed a bag of meat
    11 | D        | Noticed a meat berserker
    12 | D        | Noticed a meat berserker
    12 | D        | Noticed a bag of meat
    12 | D        | Noticed a bag of meat
    13 | D        | Killed a bag of meat
    13 | D        | Reached skill level 10 in Fighting
    13 | D        | Reached skill level 10 in Unarmed Combat
    13 | D        | Reached XP level 2. HP: 39/39 MP: 3/11
    13 | D        | Reached XP level 3. HP: 46/46 MP: 3/13
    13 | D        | Reached XP level 4. HP: 53/53 MP: 3/14
    13 | D        | Reached XP level 5. HP: 59/59 MP: 3/16
    13 | D        | Reached XP level 6. HP: 67/67 MP: 3/17
    13 | D        | Reached XP level 7. HP: 73/73 MP: 3/19
    13 | D        | Reached XP level 8. HP: 81/81 MP: 3/20
    13 | D        | Reached XP level 9. HP: 86/86 MP: 3/21
    13 | D        | Reached XP level 10. HP: 94/94 MP: 3/22
    13 | D        | Reached XP level 11. HP: 101/101 MP: 3/23
    14 | D        | Noticed a bag of meat
    14 | D        | Noticed a bag of meat
    14 | D        | Noticed a bag of meat
    14 | D        | Noticed a bag of meat
    14 | D        | Killed a bag of meat
    14 | D        | Reached * piety under Makhleb
    14 | D        | Reached skill level 15 in Axes
    14 | D        | Reached XP level 12. HP: 65/113 MP: 3/25
    14 | D        | Killed a bag of meat
    14 | D        | Reached skill level 10 in Armour
    14 | D        | Reached skill level 10 in Dodging
    14 | D        | Reached skill level 10 in Spellcasting
    14 | D        | Reached XP level 13. HP: 70/122 MP: 3/27
    15 | D        | Noticed a meat berserker
    15 | D        | Noticed a bag of meat
    15 | D        | Noticed a meat berserker
    15 | D        | Killed a meat berserker
    15 | D        | Reached skill level 15 in Fighting
    15 | D        | Reached skill level 15 in Unarmed Combat
    15 | D        | Reached XP level 14. HP: 78/135 MP: 3/30
    15 | D        | Killed a meat berserker
    15 | D        | Reached ** piety under Makhleb
    15 | D        | Reached XP level 15. HP: 84/145 MP: 3/32
    16 | D        | Reached XP level 16. HP: 79/157 MP: 3/34
    16 | D        | Reached *** piety under Makhleb
    17 | D        | Reached skill level 15 in Armour
    17 | D        | Reached skill level 15 in Dodging
    17 | D        | Reached skill level 15 in Spellcasting
    17 | D        | Reached XP level 17. HP: 160/168 MP: 4/36
    17 | D        | Reached **** piety under Makhleb
    18 | D        | Noticed a large bag of meat
    19 | D        | Noticed a meat berserker
    24 | D        | Noticed a destroyer
    27 | D        | Reached XP level 18. HP: 182/182 MP: 5/39
    27 | D        | Reached ***** piety under Makhleb
    28 | D        | Killed a meat berserker
    28 | D        | Reached skill level 27 in Axes
    29 | D        | Killed a meat berserker
    29 | D        | Reached XP level 19. HP: 195/195 MP: 6/42
    29 | D        | Killed a destroyer
    30 | D        | Killed a meat berserker
    30 | D        | Reached skill level 27 in Throwing
    30 | D        | Reached XP level 20. HP: 213/213 MP: 6/45
    31 | D        | Reached skill level 27 in Fighting
    31 | D        | Reached skill level 27 in Unarmed Combat
    32 | D        | Noticed a meat berserker
    32 | D        | Noticed a meat berserker
    32 | D        | Reached ****** piety under Makhleb
    33 | D        | Noticed a meat berserker
    33 | D        | Reached XP level 21. HP: 224/224 MP: 7/48
    34 | D        | Noticed The Servant
    37 | D        | Reached skill level 27 in Armour
    37 | D        | Reached skill level 27 in Dodging
    37 | D        | Reached skill level 27 in Spellcasting
    37 | D        | Reached XP level 22. HP: 233/233 MP: 8/53
    38 | D        | Noticed a destroyer
    39 | D        | Noticed a destroyer
    41 | D        | Reached skill level 15 in Stealth
    42 | D        | Reached XP level 23. HP: 240/240 MP: 9/54
    42 | D        | Reached skill level 27 in Invocations
    43 | D        | Killed a destroyer
    43 | D        | Reached skill level 27 in Stealth
    44 | D        | Noticed a destroyer
    45 | D        | Killed The Servant
    45 | D        | Reached XP level 24. HP: 249/249 MP: 9/54
    46 | D        | Noticed a destroyer
    46 | D        | Noticed a destroyer
    46 | D        | Noticed a destroyer
    47 | D        | Noticed a tyrant
    48 | D        | Noticed a destroyer
    48 | D        | Killed a tyrant
    50 | D        | Noticed a destroyer
    52 | D        | Reached XP level 25. HP: 222/257 MP: 11/54
    52 | D        | Killed a destroyer
    53 | D        | Noticed an accursed
    53 | D        | Noticed a destroyer
    53 | D        | Killed a destroyer
    53 | D        | Reached XP level 26. HP: 266/266 MP: 11/54
    55 | D        | Killed a destroyer
    55 | D        | Reached XP level 27. HP: 273/273 MP: 12/54
    56 | D        | Noticed a destroyer
    56 | D        | Killed an accursed
    58 | D        | Killed a destroyer
    59 | D        | Noticed a destroyer
    59 | D        | Killed a destroyer
    60 | D        | Noticed a destroyer
    60 | D        | Killed a destroyer
    60 | D        | Killed a destroyer
    61 | D        | Killed a destroyer
    62 | D        | Noticed a destroyer
    62 | D        | Killed a destroyer
    62 | D        | Killed a destroyer
    65 | D        | Killed a destroyer
    68 | D        | Noticed a destroyer
    69 | D        | Noticed an accursed
    69 | D        | Noticed a destroyer
    69 | D        | Noticed a destroyer
    71 | D        | Noticed a meat beast
    71 | D        | Noticed a meat beast
    72 | D        | Killed a meat beast
    72 | D        | Killed a destroyer
    74 | D        | Noticed an accursed
    74 | D        | Killed a meat beast
    75 | D        | Noticed a meat beast
    76 | D        | Noticed a meat beast
    76 | D        | Noticed a meat beast
    77 | D        | Killed an accursed
    77 | D        | Killed a destroyer
    78 | D        | Noticed a meat beast
    78 | D        | Noticed a dread
    79 | D        | Noticed a dread
    79 | D        | Killed a destroyer
    81 | D        | Killed a meat beast
    82 | D        | Noticed an accursed
    83 | D        | Killed a meat beast
    87 | D        | Killed a dread
    89 | D        | Killed a dread
    89 | D        | Killed a destroyer
    89 | D        | Killed a meat beast
    90 | D        | Noticed a meat beast
    92 | D        | Noticed a tyrant
    94 | D        | Noticed an accursed
    96 | D        | Killed a meat beast
    97 | D        | Killed an accursed
    98 | D        | Noticed a tyrant
    98 | D        | Killed from afar by a tyrant

Skill      XL: |  1  2  3  4  5  6  7  8  9 10 11 12 13 14 15 16 17 18 19 20 21 22 23 |
---------------+----------------------------------------------------------------------+-----
Fighting       | 10 12 13 15 16 17 19 21 23 26 27 | 27.0
Axes           | 13 15 16 19 20 22 24 26 27 | 27.0
Throwing       | 11 13 14 16 17 19 20 22 25 27 | 27.0
Armour         | 8 9 10 12 13 14 15 17 19 21 23 27 | 27.0
Dodging        | 8 9 10 12 13 14 15 17 19 21 23 27 | 27.0
Unarmed Combat | 10 12 13 15 16 17 19 21 23 26 27 | 27.0
Spellcasting   | 8 9 10 12 13 14 15 17 19 21 23 27 | 27.0
Stealth        | 7 18 27 | 27.0
Invocations    | 11 25 27 | 27.0
Translocations | |  2.6

Action                   |  1- 3 |  4- 6 |  7- 9 | 10-12 | 13-15 | 16-18 | 19-21 | 22-24 | 25-27 || total
-------------------------+-------+-------+-------+-------+-------+-------+-------+-------+-------++-------
Melee: Executioner's axe |     1 |       |       |     1 |     2 |     5 |     8 |     7 |    41 ||    65
 Stab: Distracted        |       |       |       |       |       |       |       |     1 |       ||     1
Armor: Leather armour    |       |       |       |       |       |       |       |       |     1 ||     1
Dodge: Dodged            |       |       |       |       |       |       |       |     1 |     4 ||     5
